 Dungeon Crawl Stone Soup version 0.28-a0-1493-g08698888e4 (webtiles) character file.

Game seed: 17658758454907905583

565 bande the Covered (level 7, -6/44 HPs)
             Began as a Gargoyle Fighter on Jan 12, 2022.
             Mangled by an ogre (17 damage)
             ... on level 4 of the Dungeon.
             The game lasted 00:08:43 (5652 turns).

bande the Covered (Gargoyle Fighter)                Turns: 5652, Time: 00:08:44

Health: -6/44      AC: 14    Str: 20    XL:     7   Next: 32%
Magic:  0/7        EV:  7    Int:  8    God:
Gold:   230        SH:  4    Dex: 11    Spells: 6/6 levels left

rFire   . . .      SeeInvis .   a - +1 war axe
rCold   . . .      Faith    .   c - +0 buckler
rNeg    + . .      Spirit   +   f - +0 chain mail
rPois   ∞          Reflect  .   (no helmet)
rElec   +          Harm     .   (no cloak)
rCorr   .          Rampage  .   (no gloves)
Will    .....                   (no boots)
Stlth   ..........              e - amulet of guardian spirit
HPRegen 0.14/turn               (no ring)
MPRegen 0.10/turn               (no ring)

@: no status effects
A: sickness immunity, AC +4, negative energy resistance 1, electricity
resistance, torment resistance 1, petrification resistance
a: no special abilities


You were on level 4 of the Dungeon.
You visited 1 branch of the dungeon, and saw 5 of its levels.

You collected 230 gold pieces.

Inventory:

Hand Weapons
 a - a +1 war axe (weapon)
 k - a +3 flail
Armour
 c - a +0 buckler (worn)
 f - a +0 chain mail (worn)
Jewellery
 b - a ring of ice
 e - an amulet of guardian spirit (around neck)
 l - a +6 ring of intelligence
 o - a +6 ring of intelligence
Wands
 m - a wand of paralysis (9)
Potions
 d - 3 potions of might
 g - 2 potions of curing
 h - 2 potions of heal wounds
 j - a potion of brilliance


   Skills:
 + Level 4.6 Fighting
 + Level 5.1 Axes
 + Level 5.2 Armour
 + Level 4.2 Shields


You had 6 spell levels left.
You didn't know any spells.
Your spell library was empty.

Dungeon Overview and Level Annotations

Branches:
Dungeon (5/15)
 Temple: D:4-7

Altars:
Zin

Shops:
D:1 :


Innate Abilities, Weirdness & Mutations

You are immune to sickness and miasma.
Your stone body is resilient. (AC +4)
You are immune to poison.
You resist negative energy. (rN+)
You are resistant to electric shocks. (rElec)
You are resistant to unholy torment.
You are immune to petrification.


Message History

The black bear claws you but does no damage.
The black bear claws you.
* * * LOW HITPOINT WARNING * * *
You slash the black bear!
You kill the black bear!
Your Axes skill increases to level 5!
You start resting.
Magic restored.
You start resting.
You start resting.
HP restored.
You climb downwards.
The centaur shoots an arrow.
The arrow hits you. You block the ogre's attack.
The centaur shoots an arrow.
The arrow hits you! The ogre hits you with a +0 giant club!
There is a stone staircase leading up here.
Unknown command.
The centaur shoots an arrow.
The arrow closely misses you.
The centaur shoots an arrow.
The arrow hits you but does no damage.
You climb upwards.
There is a stone staircase leading down here.
You hit the ogre.
The ogre is lightly wounded.
The ogre hits you with a +0 giant club!
* * * LOW HITPOINT WARNING * * *
You slash the ogre!
The ogre is heavily wounded.
You block the ogre's attack.
You closely miss the ogre.
The ogre is heavily wounded.
The ogre closely misses you.
You barely miss the ogre.
The ogre is heavily wounded.
The ogre barely misses you.
You slash the ogre!
The ogre is almost dead.
The ogre completely misses you.
You hit the ogre.
The ogre is almost dead.
The ogre hits you with a +0 giant club!!
You die...

########## ##
#........# ##.
#........# #..
#........# #..
#....O.).############..
#.....@.............##.
#.....)[.##.....#######
#........##.....####..#
#......[.##...........#
#........####.######..#
######....# #.# ####
####.###.# ##. #..##.##
#.. ##.....# #..


You could see an ogre.

Vanquished Creatures
  A black bear (D:4)
  A scorpion (D:4)
  2 orc priests
  A hound (D:4)
  A jelly (D:4)
  Jessica (D:3)
  2 iguanas (D:4)
  3 orc wizards
  A hound skeleton (D:4)
  4 adders
  An adder skeleton (D:4)
  A dart slug (D:1)
  9 orcs
  8 bats
  11 endoplasms
  4 giant cockroaches
  8 goblins
  10 hobgoblins
  2 jackals (D:3)
  7 kobolds
  4 quokkas
  7 ball pythons
  A quokka skeleton (D:4)
  7 rats
97 creatures vanquished.

Notes
Turn   | Place    | Note
-------+----------+-------------------------------------------
     0 | D:1      | bande the Gargoyle Fighter began the quest for the Orb.
     0 | D:1      | Reached XP level 1. HP: 14/14 MP: 1/1
   142 | D:1      | Reached XP level 2. HP: 16/19 MP: 2/2
   637 | D:1      | Reached XP level 3. HP: 20/23 MP: 3/3
  1114 | D:1      | Found Vual's Book Boutique.
  1689 | D:2      | Found a faded altar of an unknown god.
  1881 | D:2      | Reached XP level 4. HP: 28/28 MP: 4/4
  2238 | D:3      | Noticed Jessica
  2242 | D:3      | Killed Jessica
  2400 | D:3      | Reached XP level 5. HP: 21/33 MP: 5/5
  3305 | D:4      | Found a glowing silver altar of Zin.
  3451 | D:4      | Reached XP level 6. HP: 20/38 MP: 2/6
  3656 | D:4      | Identified the +2 dagger "Goasut" {vamp, rElec rPois rF-
                  | Int+7}
  4088 | D:4      | Identified the +8 glaive of Ascent {flame, rN++ MP+9 Int+4
                  | Dex-2}
  4529 | D:5      | Entered Level 5 of the Dungeon
  4545 | D:4      | Reached skill level 5 in Armour
  4757 | D:4      | Reached XP level 7. HP: 42/44 MP: 7/7
  5419 | D:4      | Reached skill level 5 in Axes
  5652 | D:4      | Mangled by an ogre

Illustrated notes

Levels and vault maps discovered:
D:1:      dpeg_arrival_simpleton_b, layout_basic, serial_shops, shop
D:2:      layout_basic, chequers_ecumenical_altar_grove, chequers_jeans
D:3:      layout_rooms, corner_web_ring, chequers_serial_rivers_room_b,
          uniq_jessica
D:4:      minmay_octagon_keep, layout_rooms, amcnicky_altar_gilded
D:5:      layout_rooms, chequers_temple_overflow_minitemple,
          gammafunk_temple_overflow_pools, hex_intersection,
          uniq_crazy_yiuf_cottage, uniq_pikel

Skill      XL: |  1  2  3  4  5  6  7 |
---------------+----------------------+-----
Axes           | 2 3 4 5 |  5.1
Armour         | 4 5 |  5.2
Fighting       | 4 |  4.6
Shields        | 4 |  4.2

Action                   |  1- 3 |  4- 6 |  7- 9 || total
-------------------------+-------+-------+-------++-------
Melee: War axe           |   108 |   134 |    25 ||   267
  Use: Scroll            |     5 |     8 |       ||    13
       Potion            |       |     1 |       ||     1
 Stab: Distracted        |       |     1 |       ||     1
Armor: Scale mail        |    50 |       |       ||    50
       Chain mail        |    40 |   117 |    37 ||   194
Dodge: Dodged            |    73 |    45 |    18 ||   136
Block: Buckler           |    24 |    35 |     9 ||    68

Table legend: (Time is in decaauts)
 A = Elapsed time spent in this place.
 B = Non-inter-level travel time spent in this place.
 C = Inter-level travel time spent in this place.
 D = Time resting spent in this place.
 E = Time spent auto-exploring this place.
 F = Levels seen in this place.
 G = Mean time per level.
                   A        B        C        D        E       F      G
               +--------+--------+--------+--------+--------+-----+--------+
         Total |   5759 |   5759 |      0 |   2719 |   2115 |   5 | 1151.8 |
       Dungeon |   5759 |   5759 |      0 |   2719 |   2115 |   5 | 1151.8 |
               +--------+--------+--------+--------+--------+-----+--------+

Top non-repeatable levels by time:
     D:4: 2280 daAuts
     D:1: 1356 daAuts
     D:2: 898 daAuts
     D:3: 864 daAuts
     D:5: 359 daAuts
